 Dungeon Crawl Stone Soup version 0.28.0-56-g4927b6849a (webtiles) character file.

Game seed: 18035294051760005769

4 NotaViper the Ogre Mage (level 1, -2/16 HPs)
             Began as an Ogre Hedge Wizard on Feb 6, 2023.
             Was a Follower of Trog (penitent).
             Slain by a hobgoblin (3 damage)
             ... on level 1 of the Dungeon.
             The game lasted 00:02:32 (154 turns).

NotaViper the Ogre Mage (Ogre Hedge Wizard)          Turns: 154, Time: 00:02:32

Health: -2/16      AC:  3    Str: 13    XL:     1   Next: 60%
Magic:  5/5        EV: 24    Int: 15    God:    Trog [*.....]
Gold:   0          SH:  0    Dex:  8    Spells: 6/7 levels left

rFire   . . .      SeeInvis .   a - +0 dagger
rCold   . . .      Faith    .   (no shield)
rNeg    . . .      Spirit   .   b - +0 robe
rPois   .          Reflect  .   c - +0 hat
rElec   .          Harm     .   (no cloak)
rCorr   .          Rampage  .   (gloves unavailable)
Will    .....                   (boots unavailable)
Stlth   +.........              d - amulet of the acrobat
HPRegen 0.05/turn               (no ring)
MPRegen 0.09/turn               (no ring)

@: acrobatic
A: large, unfitting armour, tough skin 1
a: Renounce Religion


You were on level 1 of the Dungeon.
You worshipped Trog.
Trog was demanding penance.
You visited 1 branch of the dungeon, and saw 1 of its levels.

Inventory:

Hand Weapons
 a - a +0 dagger (weapon)
 e - a +0 club
Armour
 b - a +0 robe (worn)
 c - a +0 hat (worn)
Jewellery
 d - an amulet of the acrobat (around neck)


   Skills:
 + Level 1.8 Dodging
 + Level 1.4 Stealth
 - Level 3.9 Spellcasting
 - Level 0.8 Conjurations
 - Level 0.8 Summonings
 - Level 0.8 Translocations


You had 6 spell levels left.
You knew the following spells:

 Your Spells              Type           Power      Damage    Failure   Level
a - Magic Dart            Conj           20%        1d4       13%         1

Your spell library contained the following spells:

 Spells                   Type           Power      Damage    Failure   Level
 Slow                     Hex            8%         N/A       19%         1
 Blink                    Tloc           10%        N/A       19%         2
 Call Imp                 Summ           5%         N/A       19%         2
 Conjure Flame            Conj/Fire      4%         6-21      43%         3
 Mephitic Cloud           Conj/Pois/Air  3%         N/A       43%         3


Dungeon Overview and Level Annotations

Branches:
Dungeon (1/15)

Altars:
Trog


Innate Abilities, Weirdness & Mutations

You are too large for most types of armour.
You have tough skin. (AC +1)


Message History

The hobgoblin hits you but does no damage.
You hit the hobgoblin.
You punch the hobgoblin, but do no damage.
The hobgoblin is heavily wounded.
The hobgoblin hits you.
You hit the hobgoblin.
The hobgoblin is almost dead.
The hobgoblin closely misses you.
The hobgoblin hits you but does no damage.
The hobgoblin completely misses you. The hobgoblin closely misses you.
The hobgoblin barely misses you. The hobgoblin hits you.
* * * LOW HITPOINT WARNING * * *
The hobgoblin barely misses you. The hobgoblin completely misses you.
The hobgoblin completely misses you. The hobgoblin misses you.
The hobgoblin closely misses you. The hobgoblin hits you.
* * * LOW HITPOINT WARNING * * *
The hobgoblin completely misses you. The hobgoblin completely misses you.
The hobgoblin misses you. The hobgoblin hits you.
* * * LOW HITPOINT WARNING * * *
The hobgoblin closely misses you. The hobgoblin completely misses you.
The hobgoblin barely misses you. The hobgoblin completely misses you.
The hobgoblin completely misses you. The hobgoblin completely misses you.
The hobgoblin misses you. The hobgoblin completely misses you.
The hobgoblin completely misses you. The hobgoblin completely misses you.
The hobgoblin closely misses you. The hobgoblin misses you.
The hobgoblin hits you.
You die...

. ##†.###..........#
#...##8.8##..........+
.....................# ####
#####.####...........##....
...................>....
...#.#####..#####...#.####
##.##. ##.# #..##.# #. ..
###.#####.....#### #
#@g.....#.###..+<'
+.......#.# #..###
#.......#.# #.....
#.......#.# ######
#.......#.# #.......#.#
#...$...#. ........#


You could see a hobgoblin.

Vanquished Creatures
  An endoplasm (D:1)
  A bat (D:1)
  2 frilled lizards (D:1)
  A kobold (D:1)
5 creatures vanquished.

Vanquished Creatures (others)
  2 fungi (D:1)
  2 plants (D:1)
4 creatures vanquished.

Grand Total: 9 creatures vanquished

Notes
Turn   | Place    | Note
-------+----------+-------------------------------------------
     0 | D:1      | NotaViper the Ogre Hedge Wizard began the quest for the
                  | Orb.
     0 | D:1      | Reached XP level 1. HP: 16/16 MP: 5/5
    75 | D:1      | Found a faded altar of an unknown god.
    86 | D:1      | Prayed at the altar of an unknown god.
    86 | D:1      | Became a worshipper of Trog the Wrathful
    86 | D:1      | Reached * piety under Trog
   115 | D:1      | Was placed under penance by Trog
   154 | D:1      | Slain by a hobgoblin

Illustrated notes

Levels and vault maps discovered:
D:1:      dpeg_arrival_tiny_c, layout_basic, shapermc_ecumenical_altar_petra,
          minmay_hexomino_c4

Action                   || total
-------------------------++-------
Melee: Dagger            ||    32
       Punch             ||     1
 Cast: Magic Dart        ||     6
Armor: Robe              ||     5
Dodge: Dodged            ||    35
